 Dungeon Crawl Stone Soup version 0.26-a0-504-g0cf647090d (webtiles) character file.

Game seed: 13591959227970404808

974 shackes77 the Grappler (level 7, -8/59 HPs)
             Began as a Troll Hedge Wizard on Aug 8, 2020.
             Was an Initiate of Okawaru.
             Mangled by a two-headed ogre
             ... wielding a cursed -3 giant spiked club
              (29 damage)
             ... on level 4 of the Dungeon.
             The game lasted 00:21:20 (3936 turns).

shackes77 the Grappler (Troll Hedge Wizard)         Turns: 3936, Time: 00:21:20

Health: -8/59      AC:  6    Str: 19    XL:     7   Next: 95%
Magic:  9/9        EV:  7    Int: 12    God:    Okawaru [......]
Gold:   262        SH:  7    Dex:  9    Spells: 9/10 levels left

rFire    . . .     SeeInvis .     - Unarmed
rCold    + . .     Faith    .   w - +0 kite shield
rNeg     . . .     Spirit   .   b - +0 robe
rPois    .         Reflect  .   c - +0 hat
rElec    .         Harm     .   (no cloak)
rCorr    .                      (gloves unavailable)
MR       .....                  (boots unavailable)
Stlth    +.........             x - amulet of the acrobat
HPRegen  0.59/turn              q - ring of protection from cold
MPRegen  0.11/turn              (no ring)

@: no status effects
A: large, unfitting armour, claws 3, regeneration 1, shaggy fur 1, tough skin 3
a: Renounce Religion


You were on level 4 of the Dungeon.
You worshipped Okawaru.
Okawaru was noncommittal.
You visited 2 branches of the dungeon, and saw 7 of its levels.

You collected 262 gold pieces.

Inventory:

Hand Weapons
 a - a +0 dagger
Missiles
 d - 173 stones
 o - 4 boomerangs
 t - 2 javelins (quivered)
Armour
 b - a +0 robe (worn)
 c - a +0 hat (worn)
 w - a +0 kite shield (worn)
Jewellery
 q - a ring of protection from cold (left claw)
 x - an amulet of the acrobat (around neck)
Wands
 s - a wand of digging (4)
Scrolls
 e - a scroll of blinking {unknown}
 f - a scroll of fog {unknown}
 g - a scroll of amnesia {unknown}
 h - 4 scrolls of identify {unknown}
 i - 2 scrolls of remove curse {unknown}
 j - a scroll of immolation {unknown}
 k - a scroll of noise {unknown}
 l - 2 scrolls of enchant armour {unknown}
 m - 3 scrolls of teleportation
 n - a scroll of random uselessness {unknown}
 y - a scroll of magic mapping {unknown}
Potions
 p - a potion of cancellation {unknown}
 r - a potion of curing {unknown}
 u - a potion of heal wounds
 v - a potion of magic {unknown}


   Skills:
 - Level 1.5 Dodging
 - Level 1.0 Stealth
 * Level 1.1 Shields
 + Level 8.9 Unarmed Combat
 - Level 2.0 Spellcasting
 - Level 0.6 Conjurations
   Level 0.6 Summonings
   Level 0.6 Translocations


You had 9 spell levels left.
You knew the following spells:

 Your Spells              Type           Power        Failure   Level
a - Magic Dart            Conj           #...         75%         1

Your spell library contained the following spells:

 Spells                   Type           Power        Failure   Level
 Blink                    Tloc           N/A          86%         2
 Call Imp                 Summ           #.......     86%         2
 Slow                     Hex            #.......     91%         2
 Conjure Flame            Conj/Fire      #.......     98%         3
 Mephitic Cloud           Conj/Pois/Air  #.......     99%         3


Dungeon Overview and Level Annotations

Branches:
Dungeon (6/15)             Temple (1/1) D:4

Altars:
Ashenzari
Cheibriados
Dithmenos
Elyvilon
Fedhas
Gozag
Hepliaklqana
Kikubaaqudgha
Makhleb
Nemelex Xobeh
Okawaru
Qazlal
Ru
Sif Muna
Trog
Uskayaw
Wu Jian
Xom
Yredelemnul
Zin
The Shining One

Annotations:
D:5 4 runed translucent doors
D:6 Pikel


Innate Abilities, Weirdness & Mutations

You are too large for most types of armour.
You have claws for hands.
Your natural rate of healing is unusually fast.
You are covered in fur. (AC +1)
You have extremely tough skin. (AC +3)


Message History

Throwing (i - inventory. (/) - cycle)
t - 3 javelins (quivered)
Press: ? - help, Shift-Dir - straight line, f/p - two-headed ogre
Aim: a two-headed ogre, wielding a -3 giant spiked club and a +0 giant spiked club You throw a javelin.
The javelin pierces through the two-headed ogre!
The two-headed ogre is moderately wounded.
You mangle the two-headed ogre!!
The two-headed ogre is severely wounded.
The two-headed ogre barely misses you.
The two-headed ogre hits you with a +0 giant spiked club!!
You scratch the two-headed ogre.
The two-headed ogre is severely wounded.
You scratch the two-headed ogre.
The two-headed ogre is severely wounded.
The two-headed ogre hits you with a cursed -3 giant spiked club!!
The two-headed ogre hits you with a +0 giant spiked club.
You claw the two-headed ogre!
The two-headed ogre is almost dead.
The two-headed ogre hits you with a cursed -3 giant spiked club!!
You die...

#####.######.......# #.#
#.##... #..<..# #.......#
#.# #.##.8.
###.....#########.## #.#
#.#..## .............# #.#
#.# #....## ###.....####.#
#.# #.# ###...#
#.....####.####.## #.# ##.##
###..............###.# #.#
########.##........# #.#
#.......###@..###########.##
#.####### ##O## #........
###.### #.# #.###.###
#.....# #(# #.# #.....# #.#
#.# #..>..# #(# #.# #.....#
.# #.# #.....# .( #.#
##.#### #.#


You could see a two-headed ogre.

Vanquished Creatures
  Menkaure (D:5)
  An ice beast (D:5)
  Blork the orc (D:5)
  A gnoll sergeant (D:5)
  A scorpion (D:4)
  A killer bee (D:5)
  A howler monkey (D:5)
  A centaur zombie (D:5)
  A hound (D:4)
  2 orc priests (D:5)
  2 orc wizards
  Terence (D:3)
  2 worker ants (D:5)
  A worker ant zombie (D:5)
  11 adders
  A shadow imp (D:5)
  A white imp (D:5)
  An ufetubus (D:5)
  2 oozes (D:2)
  An adder skeleton (D:4)
  A worm (D:5)
  5 leopard geckos
  12 orcs
  A ball python (D:4)
  4 bats
  5 giant cockroaches
  11 goblins
  8 hobgoblins
  2 jackals (D:3)
  6 kobolds
  A quokka (D:4)
  A ball python skeleton (D:5)
  6 frilled lizards
  A leopard gecko zombie (D:5)
  A rat (D:3)
99 creatures vanquished.

Vanquished Creatures (others)
  3 ogres (D:4)
  A centaur (D:4)
  An orc priest (D:4)
  2 worker ants (D:4)
  An adder (D:4)
  An orc (D:4)
  3 jackals (D:4)
  A quokka (D:4)
  A frilled lizard (D:4)
14 creatures vanquished.

Grand Total: 113 creatures vanquished

Notes
Turn   | Place    | Note
-------+----------+-------------------------------------------
     0 | D:1      | shackes77 the Troll Hedge Wizard began the quest for the
                  | Orb.
     0 | D:1      | Reached XP level 1. HP: 16/16 MP: 2/2
    40 | D:1      | Reached skill level 1 in Unarmed Combat
   118 | D:1      | You fall into a shaft and drop 1 floor!
   138 | D:2      | Reached XP level 2. HP: 24/24 MP: 4/4
   178 | D:2      | Reached skill level 2 in Unarmed Combat
   313 | D:2      | Reached XP level 3. HP: 22/31 MP: 5/5
   440 | D:2      | Reached skill level 3 in Unarmed Combat
   771 | D:3      | Reached XP level 4. HP: 31/39 MP: 6/6
   779 | D:3      | Reached skill level 4 in Unarmed Combat
   960 | D:3      | Noticed Terence
   974 | D:3      | Killed Terence
   974 | D:3      | Reached XP level 5. HP: 37/45 MP: 4/7
  1467 | D:4      | Reached skill level 5 in Unarmed Combat
  1471 | D:4      | Killed an ogre
  1508 | D:4      | Killed an ogre
  1526 | D:4      | Killed a centaur
  1594 | D:4      | Killed an ogre
  1601 | D:4      | Noticed a two-headed ogre
  1782 | D:5      | Entered Level 5 of the Dungeon
  1996 | D:5      | Reached XP level 6. HP: 47/53 MP: 8/8
  2000 | D:5      | Reached skill level 6 in Unarmed Combat
  2066 | D:5      | Found a large runed translucent door.
  2067 | D:5      | Found a large runed translucent door.
  2067 | D:5      | Noticed a hippogriff
  2068 | D:5      | Found a large runed translucent door.
  2068 | D:5      | Found a large runed translucent door.
  2093 | D:5      | Noticed an ice beast
  2103 | D:5      | Killed an ice beast
  2103 | D:5      | Reached skill level 7 in Unarmed Combat
  2182 | D:5      | Noticed Blork the orc
  2252 | D:5      | Reached XP level 7. HP: 56/59 MP: 9/9
  2325 | D:5      | Killed Blork the orc
  2636 | D:5      | Noticed Menkaure
  2642 | D:5      | Killed Menkaure
  2642 | D:5      | Reached skill level 8 in Unarmed Combat
  3060 | D:4      | Found a shimmering altar of Xom.
  3435 | D:6      | Noticed Pikel
  3553 | D:5      | Reached skill level 1 in Shields
  3708 | D:4      | Found a staircase to the Ecumenical Temple.
  3765 | D:4      | Found a shattered altar of Ashenzari.
  3766 | D:4      | Found a stormy altar of Qazlal.
  3766 | D:4      | Found a sparkling altar of Nemelex Xobeh.
  3769 | D:4      | Found a snail-covered altar of Cheibriados.
  3817 | Temple   | Entered the Ecumenical Temple
  3878 | Temple   | Became a worshipper of Warmaster Okawaru
  3936 | D:4      | Mangled by a two-headed ogre

Illustrated notes

Levels and vault maps discovered:
D:1:      evilmike_arrival_hilbert_curve, layout_basic
D:2:      cheibrodos_greedy_goblins, layout_basic
D:3:      layout_basic, hangedman_decor_clover_reticule, uniq_terence
D:4:      layout_loops_ring, minitemple, minmay_temple_entry_butterflies,
          hangedman_decor_diamond_cutter, xom_confusion_cloud
D:5:      minmay_inner_zag, layout_basic, minmay_hollow_rounded_squares,
          uniq_blork_the_orc, uniq_menkaure
D:6:      layout_rooms, uniq_pikel, uniq_grinder, uniq_edmund, uniq_maggie
Temple:   regret_index_temple_mists

Skill      XL: |  1  2  3  4  5  6  7 |
---------------+----------------------+-----
Unarmed Combat | 1 2 3 4 5 7 8 |  8.9
Shields        | 1 |  1.1
Dodging        | |  1.5
Stealth        | |  1.0
Spellcasting   | |  2.0
Conjurations   | |  0.6
Summonings     | |  0.6
Translocations | |  0.6

Action                   |  1- 3 |  4- 6 |  7- 9 || total
-------------------------+-------+-------+-------++-------
Melee: Unarmed           |    95 |   135 |    73 ||   303
       Punch             |       |     1 |     2 ||     3
Throw: Stone             |     3 |     8 |       ||    11
       Boomerang         |       |    11 |       ||    11
       Javelin           |       |     9 |    28 ||    37
 Cast: Magic Dart        |       |     7 |     1 ||     8
  Use: Potion            |       |     1 |       ||     1
       Scroll            |       |     1 |       ||     1
 Stab: Sleeping          |     1 |     2 |       ||     3
Armor: Robe              |    24 |    44 |    18 ||    86
Dodge: Dodged            |    34 |    45 |    34 ||   113
Block: Kite shield       |       |       |     6 ||     6

Table legend: (Time is in decaauts)
 A = Elapsed time spent in this place.
 B = Non-inter-level travel time spent in this place.
 C = Inter-level travel time spent in this place.
 D = Time resting spent in this place.
 E = Time spent auto-exploring this place.
 F = Levels seen in this place.
 G = Mean time per level.
                   A        B        C        D        E       F      G
               +--------+--------+--------+--------+--------+-----+--------+
         Total |   3965 |   3618 |    347 |    291 |   2514 |   7 |  566.4 |
       Dungeon |   3862 |   3538 |    324 |    291 |   2447 |   6 |  643.7 |
        Temple |    103 |     81 |     22 |      0 |     67 |   1 |  103.0 |
               +--------+--------+--------+--------+--------+-----+--------+

Top non-repeatable levels by time:
     D:5: 1449 daAuts
     D:4: 861 daAuts
     D:3: 772 daAuts
     D:2: 607 daAuts
     D:1: 117 daAuts
  Temple: 103 daAuts
     D:6: 53 daAuts
